 Dungeon Crawl Stone Soup version 0.30.0-30-g96aa6591b8 (webtiles) character file.

Game seed: 15693324429427428294

64536 Handcuff the Severer (level 14, 0/124 HPs)
             Began as a Grey Draconian Berserker on June 30, 2023.
             Was the Champion of Trog.
             Slain by a shock serpent (1 damage)
             ... on level 3 of the Snake Pit.
             The game lasted 00:54:30 (15602 turns).

Handcuff the Severer (Grey Draconian Berserker)    Turns: 15602, Time: 00:54:31

Health: 0/124      AC: 20    Str: 21    XL:     14   Next: 72%
Magic:  14/14      EV: 20    Int:  9    God:    Trog [******]
Gold:   2287       SH:  9    Dex: 13    Spells: 13/13 levels left

rFire   . . .        M - +6 war axe "Mikehugg" {drain, +Blink Will+ Dex+2}
rCold   . . .        Z - +0 kite shield {reflect}
rNeg    . . .        (body armour unavailable)
rPois   .            T - +2 hat
rElec   +            (no cloak)
rCorr   +            (no gloves)
SInv    .            u - +4 pair of boots "Pajex" {Harm rElec Regen+ rCorr}
Will    ++...        d - amulet of faith
Stlth   ++++         N - +5 ring of evasion
HPRegen 1.20/turn    (no ring)
MPRegen 0.14/turn

%: harm (+30% outgoing, +20% incoming), reflection, faith
@: lethally poisoned (0 -> -10)
A: AC +13, amphibious, unfitting armour, cold-blooded, horns 1, clumsy 1,
passive freeze
a: Renounce Religion, Evoke Blink, Berserk, Trog's Hand, Brothers in Arms


You were on level 3 of the Snake Pit.
You worshipped Trog.
Trog was exalted by your worship.
You visited 3 branches of the dungeon, and saw 17 of its levels.
You also visited: Bailey and Ice Cave.

You collected 2661 gold pieces.
You spent 374 gold pieces at shops.

Inventory:

Hand Weapons
 M - the +6 war axe "Mikehugg" (weapon) {drain, +Blink Will+ Dex+2}
   (You found it in an ice cave)

   Dex:       It affects your dexterity (+2).
   +Blink:    It lets you blink.
   Will:      It increases your willpower.
Missiles
 q - 7 silver boomerangs
 s - 4 silver javelins
 w - 11 curare-tipped darts (quivered)
 x - 10 atropa-tipped darts
 y - 4 datura-tipped darts
Armour
 u - the +4 pair of boots "Pajex" (worn) {Harm rElec Regen+ rCorr}
   (You acquired it on level 9 of the Dungeon)

   rElec:     It insulates you from electricity.
   Regen:     It increases your rate of health regeneration.
   rCorr:     It protects you from acid and corrosion.
   Harm:      It increases damage dealt and taken.
 T - a +2 hat (worn)
 Z - a +0 kite shield of reflection (worn)
Jewellery
 d - an amulet of faith (around neck)
 e - a ring of flight
 g - a ring of resist corrosion
 F - an amulet of magic regeneration
 K - an amulet of guardian spirit
 N - a +5 ring of evasion (left hand)
 X - a +5 ring of evasion
Wands
 l - a wand of polymorph (4)
 r - a wand of flame (45)
 E - a wand of mindburst (5)
 G - a wand of acid (8)
 I - a wand of charming (12)
 R - a wand of roots (5)
Scrolls
 f - 4 scrolls of enchant armour
 i - 2 scrolls of immolation
 m - 12 scrolls of teleportation
 o - 5 scrolls of magic mapping
 v - a scroll of identify
 A - 3 scrolls of vulnerability
 C - 2 scrolls of poison
 H - 4 scrolls of noise
 P - 2 scrolls of enchant weapon
 Q - a scroll of fog
Potions
 a - 3 potions of flight
 c - 9 potions of curing
 h - 5 potions of degeneration
 j - 4 potions of brilliance
 k - 4 potions of might
 t - 2 potions of cancellation
 B - a potion of lignification
 J - a potion of ambrosia
 L - 4 potions of mutation
 O - a potion of magic
 U - 3 potions of resistance
 W - a potion of attraction
 Y - a potion of haste
Miscellaneous
 p - a box of beasts (inert)
 z - a phantom mirror (inert)


   Skills:
 * Level 11.5 Fighting
 * Level 15.1(15.9) Axes
 + Level 3.1(10.4) Maces & Flails
 * Level 7.1(12.1) Polearms
 * Level 6.8 Throwing
 * Level 10.1 Dodging
 * Level 8.1 Stealth
 * Level 6.0 Shields
 * Level 7.7 Evocations


You had 13 spell levels left.
You didn't know any spells.
Your spell library was empty.

Dungeon Overview and Level Annotations

Branches:
Dungeon (11/15)            Temple (0/1) D:5            Lair (3/5) D:11
 Shoals (0/4) Lair:3        Snake (3/4) Lair:3          Orc (0/2) D:11
 Bailey (visited)           IceCv (visited)

Altars:
Ashenzari
Cheibriados
Elyvilon
Nemelex Xobeh
Qazlal
Uskayaw
Vehumet
Zin
The Shining One

Shops:
Snake:2 !

Annotations:
Lair:2 exclusion: 4 oklob plants
Snake:3 Aizul


Innate Abilities, Weirdness & Mutations

Your dull iron-grey scales are very hard. (AC +13)
You are amphibious.
You cannot fit into any form of body armour.
You are cold-blooded and may be slowed by cold attacks.
You have a pair of small horns on your head.
You are clumsy. (Dex -2)
A frigid envelope surrounds you and freezes all who hurt you.


Message History

The black mamba closely misses you. Aizul hits you!
Aizul is very cold.
Aizul is almost dead.
The shock serpent bites your cyclops but does no damage.
Your cyclops hits the shock serpent!!
The shock serpent's electric aura discharges, shocking your cyclops!
Aizul casts a spell at you.
You fall asleep.
You feel sick. The shock serpent bites your cyclops!
The shock serpent shocks your cyclops!
Your cyclops hits the shock serpent!
The shock serpent's electric aura discharges, shocking your cyclops!
Aizul casts a spell at you. The poison arrow hits you!!!
You are more poisoned.
You wake up.
* * * LOW HITPOINT WARNING * * *
The shock serpent misses you.
Unknown command.
You feel much better.
You feel extremely sick. Aizul casts a spell at you.
The poison arrow misses you. The shock serpent closely misses you.
The shock serpent bites your cyclops!!
Your cyclops dies!
Your cyclops's corpse disappears in a puff of smoke!
Aizul misses you.
The shock serpent hisses angrily.
Unknown command.
You completely miss Aizul. Your headbutt misses Aizul.
Your tail-slap misses Aizul.
Aizul is almost dead.
You slash the shock serpent! You drain the shock serpent.
The shock serpent's electric aura discharges, shocking you!
You resist.
You feel very sick. The shock serpent barely misses you. Aizul hits you!
* * * LOW HITPOINT WARNING * * *
Aizul is very cold.
Aizul is almost dead.
The shock serpent bites you.
You die...

##....)...#
##.......#
##......#
#......#
##......#
#.......##
#........#
####.....#
#....@####
#...SSS..#
#...S.....#
#..........#
#..........#
####.........
##.......:
#........
#.^##....


You could see Aizul, 2 shock serpents and a black mamba (drained).

Vanquished Creatures
  Donald (Snake:3)
  A frost giant (IceCv)
  The ghost of math4jedi the Cleaver, a journeyman MiBe of Trog (Snake:1)
  3 anacondas
  2 boulder beetles
  2 two-headed ogres
  8 naga warriors
  5 death yaks (IceCv)
  7 naga sharpshooters
  3 shock serpents
  Amaemon (Lair:3)
  A skyshark (Lair:3)
  A salamander mystic (Snake:3)
  2 naga ritualists (Snake:1)
  An orc knight (Bailey)
  4 mana vipers
  4 elephants (Lair:1)
  A merfolk siren (Lair:3)
  An ice statue (IceCv)
  5 naga magi
  2 guardian serpents
  21 black mambas
  Joseph (Lair:1)
  An orange demon (Lair:3)
  2 cane toads
  2 komodo dragons
  2 kobold demonologists (D:11)
  2 ice devils (Lair:1)
  11 polar bears
  A troll (D:11)
  3 hornets
  13 blink frogs
  3 slime creatures (D:10)
  A wraith (D:10)
  4 shadows
  A wyvern (Lair:3)
  30 yaks
  A basilisk (Lair:1)
  Edmund (D:5)
  Menkaure (D:5)
  16 nagas
  5 water moccasins
  6 orc warriors
  A black bear (D:7)
  3 ice beasts
  2 ogres
  16 wolves (IceCv)
  3 centaurs
  9 kobold brigands
  8 bullfrogs
  A gnoll sergeant (D:8)
  4 scorpions
  5 wights (D:6)
  8 killer bees (D:9)
  5 howler monkeys
  3 electric eels (D:9)
  A jelly (D:8)
  7 orc priests
  3 hounds
  3 iguanas
  Crazy Yiuf (D:6)
  Jessica (D:3)
  12 orc wizards
  4 gnolls (D:8)
  9 adders
  2 white imps (D:7)
  2 worms
  A dart slug (D:2)
  52 orcs
  7 ball pythons
  5 endoplasms
  3 giant cockroaches
  10 hobgoblins
  11 jackals
  3 quokkas
  2 bats (D:3)
  2 frilled lizards
  10 goblins
  27 kobolds
  4 rats
434 creatures vanquished.

Vanquished Creatures (collateral kills)
  Louise (Snake:3)
  An anaconda (Snake:3)
  3 death yaks (IceCv)
  2 naga ritualists (Snake:3)
  A black mamba (Snake:1)
  2 naga magi (Snake:3)
  A komodo dragon (D:11)
  2 kobold demonologists (D:11)
  2 blink frogs (Lair:2)
  2 yaks (IceCv)
  3 nagas (Snake:3)
  Blork the orc (D:5)
  3 gnolls (D:8)
24 creatures vanquished.

Vanquished Creatures (others)
  A yak (IceCv)
  A naga (Snake:3)
2 creatures vanquished.

Grand Total: 460 creatures vanquished

Notes
Turn   | Place    | Note
-------+----------+-------------------------------------------
     0 | D:1      | Handcuff the Draconian Berserker began the quest for the
                  | Orb.
     0 | D:1      | Reached XP level 1. HP: 19/19 MP: 1/1
   470 | D:1      | Reached XP level 2. HP: 25/26 MP: 2/2
  1004 | D:2      | Noticed an ogre
  1008 | D:2      | Reached ** piety under Trog
  1011 | D:2      | Killed an ogre
  1012 | D:2      | Reached skill level 4 in Axes
  1012 | D:2      | Reached skill level 1 in Stealth
  1012 | D:2      | Reached XP level 3. HP: 33/33 MP: 3/3
  1012 | D:2      | Reached XP level 4. HP: 40/40 MP: 4/4
  1024 | D:2      | Found a faded altar of an unknown god.
  1745 | D:3      | Noticed Jessica
  1754 | D:3      | Killed Jessica
  1755 | D:3      | Reached XP level 5. HP: 46/46 MP: 5/5
  2236 | D:4      | Noticed a hornet
  2245 | D:4      | Paralysed by a hornet for 2 turns
  2254 | D:4      | Killed a hornet
  2255 | D:4      | Reached skill level 5 in Axes
  2255 | D:4      | Reached XP level 6. HP: 15/53 MP: 6/6
  2260 | D:4      | Gained mutation: You are clumsy. (Dex -2) [potion of
                  | mutation]
  2260 | D:4      | Gained mutation: A frigid envelope surrounds you and
                  | freezes all who hurt you. [potion of mutation]
  2260 | D:4      | Gained mutation: You have a pair of small horns on your
                  | head. [potion of mutation]
  2844 | D:4      | Found a glowing silver altar of Zin.
  3249 | D:5      | Entered Level 5 of the Dungeon
  3249 | D:5      | Noticed Blork the orc
  3249 | D:5      | Found a sparkling altar of Nemelex Xobeh.
  3261 | D:5      | Killed Blork the orc
  3262 | D:5      | Your scales start taking on a dull iron-grey colour.
  3262 | D:5      | Reached XP level 7. HP: 38/60 MP: 7/7
  3282 | D:5      | Reached skill level 6 in Axes
  3322 | D:5      | Found a white marble altar of Elyvilon.
  3434 | D:5      | Noticed Menkaure
  3447 | D:5      | Killed Menkaure
  3448 | D:5      | Reached skill level 5 in Fighting
  3587 | D:5      | Reached *** piety under Trog
  3781 | D:5      | Found a radiant altar of Vehumet.
  4124 | D:5      | Reached skill level 1 in Evocations
  4127 | D:5      | Found a staircase to the Ecumenical Temple.
  4150 | D:5      | Noticed Edmund
  4160 | D:5      | Killed Edmund
  4161 | D:5      | Reached skill level 5 in Dodging
  4161 | D:5      | Reached XP level 8. HP: 69/69 MP: 8/8
  4183 | D:5      | Found a broken altar of Ashenzari.
  4630 | D:6      | Found a snail-covered altar of Cheibriados.
  4688 | D:6      | Reached skill level 7 in Axes
  4909 | D:6      | Reached skill level 1 in Throwing
  5023 | D:6      | Found a stormy altar of Qazlal.
  5207 | D:6      | Found a runed translucent door.
  5208 | D:6      | Noticed Crazy Yiuf
  5506 | D:6      | Killed Crazy Yiuf
  5512 | D:6      | Identified the +1 hammer "Baoloph" {freeze, rCorr}
  5604 | D:7      | Reached skill level 8 in Axes
  5604 | D:7      | Reached XP level 9. HP: 71/75 MP: 9/9
  6115 | D:7      | Reached skill level 1 in Polearms
  6306 | D:8      | You fall into a shaft and drop 3 floors!
  6334 | D:10     | Entered Level 10 of the Dungeon
  6387 | D:10     | Reached skill level 1 in Maces & Flails
  6392 | D:10     | Killed a large slime creature
  6490 | D:9      | Found a flagged portal.
  6506 | D:9      | Reached **** piety under Trog
  6517 | Bailey   | Entered a bailey
  6815 | Bailey   | Noticed an orc knight
  6837 | Bailey   | Reached XP level 10. HP: 32/84 MP: 10/10
  6851 | Bailey   | Killed an orc knight
  6852 | Bailey   | Reached skill level 9 in Axes
  7118 | Bailey   | Found an iron altar of Okawaru.
  7159 | Bailey   | Identified the +4 scale mail of Xiheibb Fuir {Rampage}
  7217 | D:9      | Found a hide-covered altar of Uskayaw.
  7322 | D:9      | Found a runed translucent door.
  7361 | D:9      | Identified a scroll of acquirement
  7362 | D:9      | Acquired the +4 pair of boots "Pajex" {Harm rElec Regen+
                  | rCorr}
  8117 | D:8      | Noticed a two-headed ogre
  8123 | D:8      | Killed a two-headed ogre
  8133 | D:8      | Reached ***** piety under Trog
  8219 | D:8      | Reached skill level 5 in Stealth
  8340 | D:8      | Found a glowing golden altar of the Shining One.
  8864 | D:10     | Noticed a two-headed ogre
  8874 | D:10     | Killed a two-headed ogre
  8875 | D:10     | Reached skill level 10 in Axes
  9039 | D:10     | Reached XP level 11. HP: 80/93 MP: 11/11
  9409 | D:11     | Found a staircase to the Lair.
  9598 | D:11     | Noticed a sixfirhy
  9658 | D:11     | Reached skill level 1 in Shields
  9713 | D:11     | Found a staircase to the Orcish Mines.
  9725 | D:11     | Received a gift from Trog
  9944 | Lair:1   | Entered Level 1 of the Lair of Beasts
  9959 | Lair:1   | Noticed Joseph
  9968 | Lair:1   | Killed Joseph
  9971 | Lair:1   | You fall into a shaft and drop 1 floor!
  9979 | Lair:2   | Noticed an oklob plant
  9979 | Lair:2   | Noticed an oklob plant
  9979 | Lair:2   | Noticed an oklob plant
 10095 | Lair:2   | Reached skill level 5 in Evocations
 10098 | Lair:2   | Reached skill level 11 in Axes
 10148 | Lair:2   | Noticed an oklob plant
 10285 | Lair:1   | Found a frozen archway.
 10308 | IceCv    | Entered an ice cave
 10549 | IceCv    | Reached XP level 12. HP: 47/103 MP: 12/12
 10643 | IceCv    | Noticed a death yak
 10653 | IceCv    | Killed a death yak
 10654 | IceCv    | Noticed a death yak
 10657 | IceCv    | Killed a death yak
 10662 | IceCv    | Reached skill level 12 in Axes
 10687 | IceCv    | Noticed a death yak
 10687 | IceCv    | Noticed a death yak
 10687 | IceCv    | Noticed a death yak
 10698 | IceCv    | Killed a death yak
 10700 | IceCv    | Killed a death yak
 10701 | IceCv    | Reached skill level 5 in Polearms
 10703 | IceCv    | Killed a death yak
 10735 | IceCv    | Noticed a death yak
 10735 | IceCv    | Noticed a death yak
 10736 | IceCv    | Noticed a frost giant
 10736 | IceCv    | Noticed a death yak
 10746 | IceCv    | Killed a frost giant
 10747 | IceCv    | Reached skill level 5 in Throwing
 10747 | IceCv    | Killed a death yak
 10749 | IceCv    | Killed a death yak
 10760 | IceCv    | Killed a death yak
 10803 | IceCv    | Identified the +6 war axe "Mikehugg" {drain, +Blink Will+
                  | Dex+2}
 10805 | IceCv    | Identified the staff of poison "Pyecw" {rPois rCorr Str-3
                  | Int+9}
 10940 | IceCv    | Reached ****** piety under Trog
 11198 | Lair:1   | Reached skill level 10 in Fighting
 11263 | Lair:1   | Reached skill level 13 in Axes
 11410 | Lair:1   | Reached XP level 13. HP: 113/113 MP: 13/13
 12652 | Lair:3   | Found a staircase to the Snake Pit.
 12715 | Lair:3   | Noticed Amaemon
 12734 | Lair:3   | Killed Amaemon
 12734 | Lair:3   | Received a gift from Trog
 13333 | Lair:3   | Found a staircase to the Shoals.
 13732 | Snake:1  | Entered Level 1 of the Snake Pit
 14102 | Snake:1  | Reached skill level 14 in Axes
 14216 | Snake:1  | Found a sparkling altar of Nemelex Xobeh.
 14228 | Snake:1  | Reached skill level 5 in Shields
 14441 | Snake:1  | Noticed math4jedi's ghost (journeyman MiBe)
 14448 | Snake:1  | Found a runed translucent door.
 14478 | Snake:1  | Killed math4jedi's ghost
 14595 | Snake:1  | Reached XP level 14. HP: 124/124 MP: 14/14
 14600 | Snake:1  | Received a gift from Trog
 14650 | Snake:1  | You fall into a shaft and drop 1 floor!
 14879 | Snake:2  | Found Oliqik's Distillery.
 14908 | Snake:2  | Bought 2 potions of curing for 102 gold pieces
 14908 | Snake:2  | Bought a potion of might for 68 gold pieces
 14908 | Snake:2  | Bought 3 potions of curing for 153 gold pieces
 14908 | Snake:2  | Bought a potion of curing for 51 gold pieces
 15303 | Snake:3  | Noticed Donald
 15311 | Snake:3  | Killed Donald
 15328 | Snake:3  | Noticed Louise
 15333 | Snake:3  | Killed Louise
 15417 | Snake:3  | Reached skill level 15 in Axes
 15424 | Snake:3  | Reached skill level 10 in Dodging
 15464 | Snake:3  | Acquired 1169 gold pieces
 15587 | Snake:3  | Noticed Aizul
 15602 | Snake:3  | HP: 1/124 [Aizul (19)]
 15602 | Snake:3  | Slain by a shock serpent

Illustrated notes

Levels and vault maps discovered:
D:1:      psy_arrival_radial02, layout_loops_ring
D:2:      layout_loops_ring, shapermc_ecumenical_altar_rom_forum
D:3:      layout_loops_ring, minmay_misc_feat_alley, uniq_jessica
D:4:      layout_basic, kennysheep_mini_moat, minmay_circle_x
D:5:      layout_gridville, lemuel_round_altar, amcnicky_altar_gilded,
          mainiacjoe_overflow_catch_the_wave, minmay_temple_entry_waves,
          uniq_menkaure, uniq_edmund, uniq_blork_the_orc
D:6:      layout_loops_ring, mainiacjoe_overflow_catwalk,
          mainiacjoe_overflow_tiny_flanked, uniq_crazy_yiuf_cottage
D:7:      layout_basic
D:8:      layout_cave_pools, marbit_many_paths
D:9:      statuecave_lemuel, layout_cave_pods, nicolae_uskayaw_dance_hall,
          enter_bailey_5, minmay_misc_feat_encased, library_closet,
          lightli_church_of_beogh
D:10:     layout_small_grid
D:11:     layout_rooms, lair_entry_dummy, hiddenorc2_lemuel
Lair:1:   layout_concentric_octagons, portal_ice_cave_demonic_guard, uniq_joseph
Lair:2:   minmay_lair_oklob_tunnel, layout_small_grid
Lair:3:   layout_cave_pods, minmay_shoals_entry_lonely_mermaid,
          minmay_snake_entry_guardpost_small, uniq_amaemon
Snake:1:  layout_cave_pods, hellmonk_ghost_happy_afterlife, basic_altar,
          nicolae_triple_integral
Snake:2:  layout_onion, serial_shops, nicolae_shop_advertising_works
          [nicolae_subvault_shop_adworks]
Snake:3:  layout_cave_shapes, uniq_donald, uniq_louise, uniq_aizul

Skill      XL: |  1  2  3  4  5  6  7  8  9 10 11 12 13 14 |
---------------+-------------------------------------------+-----
Dodging        | 3 4 5 6 7 8 9 10 | 10.1
Fighting       | 4 5 6 7 8 10 11 | 11.5
Axes           | 4 5 6 8 10 11 13 14 15 | 15.1
Stealth        | 1 2 3 4 5 6 7 8 |  8.1
Evocations     | 1 2 3 4 5 6 7 |  7.7
Throwing       | 1 2 3 4 5 6 |  6.8
Polearms       | 2 3 4 5 6 7 |  7.1
Maces & Flails | 2 3 |  3.1
Shields        | 2 3 5 6 |  6.0

Action                     |  1- 3 |  4- 6 |  7- 9 | 10-12 | 13-15 || total
---------------------------+-------+-------+-------+-------+-------++-------
  Melee: Hand axe          |    53 |   109 |   122 |       |       ||   284
         Punch             |     2 |       |       |     1 |       ||     3
         Tailslap          |     3 |    10 |    29 |    49 |    50 ||   141
         Headbutt          |       |     3 |    34 |    69 |    56 ||   162
         Mace              |       |       |    78 |       |       ||    78
         War axe           |       |       |     4 |   356 |   325 ||   685
  Throw: Boomerang         |       |       |     1 |       |       ||     1
         Dart              |       |       |     1 |     6 |     8 ||    15
 Invoke: Berserk           |     1 |     4 |     9 |     9 |    11 ||    34
         Brothers in Arms  |       |       |       |     2 |     2 ||     4
  Evoke: Wand              |       |       |     3 |     8 |     4 ||    15
         Box of beasts     |       |       |       |     3 |     2 ||     5
         Phantom mirror    |       |       |       |       |     2 ||     2
    Use: Scroll            |     3 |     3 |     6 |    15 |     7 ||    34
         Potion            |       |     6 |       |     5 |     4 ||    15
   Stab: Sleeping          |       |     1 |       |     2 |     3 ||     6
         Distracted        |       |       |       |     1 |     1 ||     2
 Armour: Skin              |    18 |    44 |    86 |   140 |    72 ||   360
  Dodge: Dodged            |    55 |    94 |   160 |   212 |   259 ||   780
  Block: Buckler           |       |       |       |    44 |    65 ||   109
         Kite shield       |       |       |       |       |    22 ||    22
         Reflection        |       |       |       |       |     4 ||     4
